 Dungeon Crawl Stone Soup version 0.31-a0-229-g1fc7ce93e2 (webtiles) character file.

Game seed: 4685394893885652840

102 qw the Shooter (level 4, -2/36 HPs)
             Began as a Minotaur Hexslinger on July 6, 2023.
             Slain by a gnoll
             ... wielding a +0 spear
              (8 damage)
             ... on level 2 of the Dungeon.
             The game lasted 00:00:47 (1300 turns).

qw the Shooter (Minotaur Hexslinger)                Turns: 1300, Time: 00:00:48

Health: -2/36      AC:  5    Str: 12    XL:     4   Next: 49%
Magic:  4/4        EV: 11    Int: 10    God:
Gold:   50         SH:  0    Dex: 15    Spells: 4/5 levels left

rFire   . . .        a - +0 orcbow
rCold   . . .        (shield currently unavailable)
rNeg    . . .        f - +0 ring mail
rPois   .            (helmet restricted)
rElec   .            (no cloak)
rCorr   .            (no gloves)
SInv    +            (no boots)
Will    .....        (no amulet)
Stlth   +            d - ring of see invisible
HPRegen 0.26/turn    (no ring)
MPRegen 0.09/turn

%: no passive effects
@: no status effects
A: horns 2, retaliatory headbutt
a: no special abilities


You were on level 2 of the Dungeon.
You visited 1 branch of the dungeon, and saw 2 of its levels.

You collected 50 gold pieces.


Innate Abilities, Weirdness & Mutations

You have a pair of horns on your head.
You reflexively headbutt those who attack you in melee.


   Skills:
 - Level 2.0 Fighting
 + Level 4.9 Ranged Weapons
 - Level 1.0 Armour
 - Level 2.1 Dodging
 - Level 1.0 Spellcasting
 - Level 2.0 Hexes


You had 4 spell levels left.
You knew the following spells:

 Your Spells              Type           Power      Damage    Failure   Level
a - Slow                  Hex            16%        N/A       34%         1

Your spell library contained the following spells:

 Spells                   Type           Power      Damage    Failure   Level
 Inner Flame              Hex/Fire       2%         N/A       83%         3
 Portal Projectile        Hex/Tloc       4%         N/A       83%         3
 Cause Fear               Hex            2%         N/A       98%         4

Inventory:

Hand Weapons
 a - a +0 orcbow (weapon)
Armour
 f - a +0 ring mail (worn)
Jewellery
 d - a ring of see invisible (left hand)
Potions
 e - a potion of invisibility {unknown}
 g - a potion of ambrosia {unknown}
 h - a potion of mutation {unknown}

Dungeon Overview and Level Annotations

Branches:
Dungeon (2/15)

Altars:

Annotations:
D:2 exclusion: 23 gnolls


Message History

Enter note:
Enter note:
Enter note:
There is a stone staircase leading down here.
Enter note:
Enter note:
Enter note: You see here a +0 hand axe.
Enter note:
Enter note:
Enter note:
Enter note:
Enter note:
Enter note:
Enter note:
Enter note:
Enter note:
Enter note:
Enter note:
Enter note:
Enter note:
Enter note:
Enter note:
Enter note:
Enter note:
Enter note:
Enter note:
Enter note:
Enter note:
Enter note:
Enter note:
Enter note:
Enter note:
Enter note: The gnoll hits you with a +0 spear.
The gnoll attacks as you move away! The gnoll barely misses you.
The gnoll hits you from afar with a +0 spear.
The gnoll hits you from afar with a +0 spear.
The gnoll hits you from afar with a +0 spear!
You die...

#.###.##...# ##.. ##.#
#.....####... ######..#
#..##.......# #.......#
#.########..#
#.......###..## #..#
#........)>.).## #...
#........####..#####.#.
#.......###..........#.
#.....@.# #..........#.
#.......# #..........#.
#......g# #..........#.
#.......# #..........#.
#.......# #..........#.
######### #..........#.
###.#.###.... #.#.#
##### #####.#.# ####


You could see a gnoll.

Vanquished Creatures
  2 gnolls (D:2)
  3 adders (D:2)
  A worm (D:2)
  3 ball pythons (D:1)
  4 bats
  7 endoplasms
  A giant cockroach (D:1)
  6 goblins
  3 hobgoblins (D:1)
  9 kobolds
  3 quokkas (D:1)
  3 frilled lizards
  4 rats
49 creatures vanquished.

Notes
Turn   | Place    | Note
-------+----------+-------------------------------------------
     0 | D:1      | qw the Minotaur Hexslinger began the quest for the Orb.
     0 | D:1      | Reached XP level 1. HP: 16/16 MP: 1/1
     0 | D:1      | 0 ||| qw: Version: 0.3-a-46-gb1f654a
     0 | D:1      | 0 ||| qw: Game counter: 1399
     0 | D:1      | 0 ||| qw: Melee chars always use a shield: true
     0 | D:1      | 0 ||| qw: God list: Okawaru
     0 | D:1      | 0 ||| qw: Allow faded altars: false
     0 | D:1      | 0 ||| qw: Do Orc after clearing Dungeon:15 true
     0 | D:1      | 0 ||| qw: Do second Lair branch before Depths: true
     0 | D:1      | 0 ||| qw: Lair rune preference: random
     0 | D:1      | 0 ||| qw: Goals: Normal
     0 | D:1      | 0 ||| PLANNING D:1-11
   118 | D:1      | Reached skill level 3 in Ranged Weapons
   118 | D:1      | Reached XP level 2. HP: 23/23 MP: 2/2
   528 | D:1      | Reached XP level 3. HP: 29/29 MP: 3/3
   771 | D:1      | 771 ||| UPGRADING to +0 ring mail.
   781 | D:1      | 781 ||| DROPPING +0 robe.
   782 | D:1      | 782 ||| UPGRADING to ring of see invisible.
   783 | D:1      | 783 ||| DROPPING scroll of poison.
   835 | D:2      | Reached skill level 4 in Ranged Weapons
   903 | D:2      | Reached skill level 1 in Armour
   983 | D:2      | 983 ||| FLEEEEING.
   984 | D:2      | 984 ||| FLEEEEING.
   986 | D:2      | 986 ||| FLEEEEING.
   988 | D:2      | 988 ||| STAIRDANCE
  1020 | D:1      | 1020 ||| READING scroll labelled UMACUA BIAXAEHE.
  1021 | D:1      | 1021 ||| READING scroll labelled NANIT ZIN DIE.
  1022 | D:1      | 1022 ||| READING scroll labelled VOIDGH METHRE.
  1112 | D:2      | Reached XP level 4. HP: 25/36 MP: 4/4
  1134 | D:2      | 1134 ||| FLEEEEING.
  1135 | D:2      | 1135 ||| FLEEEEING.
  1136 | D:2      | 1136 ||| FLEEEEING.
  1141 | D:2      | 1141 ||| FLEEEEING.
  1142 | D:2      | 1142 ||| FLEEEEING.
  1143 | D:2      | 1143 ||| FLEEEEING.
  1144 | D:2      | 1144 ||| STAIRDANCE
  1249 | D:2      | 1249 ||| SWAPPING to +0 orcbow.
  1250 | D:2      | 1250 ||| Stepping ~*~*~tactically~*~*~ (outnumbered).
  1251 | D:2      | 1251 ||| DROPPING +1 sling.
  1253 | D:2      | 1253 ||| Stepping ~*~*~tactically~*~*~ (outnumbered).
  1299 | D:2      | HP: 5/36 [gnoll/+0 spear (6)]
  1300 | D:2      | Slain by a gnoll

Levels and vault maps discovered:
D:1:      moated_graveyard_arrival, layout_basic
D:2:      layout_rooms

Skill      XL: |  1  2  3 |
---------------+----------+-----
Ranged Weapons | 3 4 |  4.9
Fighting       | 2 |  2.0
Armour         | 1 |  1.0
Dodging        | |  2.1
Spellcasting   | |  1.0
Hexes          | |  2.0

Action                     |  1- 3 |  4- 6 || total
---------------------------+-------+-------++-------
   Fire: Sling             |   161 |     9 ||   170
         Orcbow            |       |    14 ||    14
    Use: Scroll            |     3 |       ||     3
 Armour: Robe              |    15 |       ||    15
         Ring mail         |    17 |     3 ||    20
  Dodge: Dodged            |    50 |    18 ||    68

Table legend:
 A = Non-vault XP
 B = Vault XP
 C = Vault XP percentage of total XP
 D = Non-vault monster count
 E = Vault monster count
 F = Vault count percentage of total count
                 A         B        C        D         E       F
            +---------+---------+-------+---------+---------+-------
      Total |     146 |       0 |   0.0 |      49 |       0 |   0.0
            +---------+---------+-------+---------+---------+-------
        D:1 |      53 |       0 |   0.0 |      31 |       0 |   0.0
        D:2 |      93 |       0 |   0.0 |      18 |       0 |   0.0
            +---------+---------+-------+---------+---------+-------
